 Dungeon Crawl Stone Soup version 0.20.0 (webtiles) character file.

39 AlphabetPasta the Caller (level 3, 0/25 HPs)
             Began as a Spriggan Summoner on May 29, 2017.
             Succumbed to an adder's poison
             ... on level 2 of the Dungeon.
             The game lasted 00:07:04 (1490 turns).

AlphabetPasta the Caller (Spriggan Summoner)        Turns: 1490, Time: 00:07:05

Health: 0/25       AC: 21    Str:  4    XL:     3   Next: 26%
Magic:  5/8        EV:  4    Int: 17    God:
Gold:   55         SH:  0    Dex: 16    Spells: 5/8 levels left

rFire    . . .     SeeInvis +   k - +3 dagger (speed)
rCold    . . .     Gourm    .   (shield restricted)
rNeg     + + +     Faith    .   (armour currently unavailable)
rPois    +         Spirit   .   (helmet currently unavailable)
rElec    .         Reflect  .   (cloak currently unavailable)
rCorr    .         Harm     .   (gloves unavailable)
MR       .....     NoTele   +   (boots unavailable)
Stlth    ++........             (no amulet)
Regen    0.1/turn               (no ring)
MPRegen  0.2/turn               (no ring)

@: lethally poisoned (0 -> -4), tree-form
A: unfitting armour, see invisible, herbivore 3, slow metabolism 2
a: no special abilities


You were on level 2 of the Dungeon.
You were not hungry.
You were a tree.
You visited 1 branch of the dungeon, and saw 2 of its levels.

You collected 55 gold pieces.

Inventory:

Hand Weapons
 d - a +0 dagger
 k - a +3 dagger of speed (weapon)
Missiles
 n - 31 stones (quivered)
Armour
 a - a +0 robe (melded)
Scrolls
 g - a scroll of remove curse
Potions
 h - a potion of agility
 i - a potion of lignification
 l - a potion of invisibility
 m - a potion of resistance
Books
 b - a book of Callings

   Spells                             Type                      Level
   a - Summon Small Mammal            Summoning                    1
   b - Call Imp                       Summoning                    2
   c - Call Canine Familiar           Summoning                    3
   d - Summon Guardian Golem          Hexes/Summoning              3
   e - Summon Lightning Spire         Summoning/Air                4
   f - Summon Ice Beast               Ice/Summoning                4
Comestibles
 c - a bread ration
 f - 3 royal jellies


   Skills:
 + Level 0.4 Fighting
 + Level 1.2 Short Blades
 + Level 3.2 Dodging
 - Level 3.0 Stealth
 + Level 3.1 Spellcasting
 * Level 3.7 Summonings


You had 5 spell levels left.
You knew the following spells:

 Your Spells              Type           Power        Failure   Level  Hunger
a - Summon Small Mammal   Summ           ###.         3%          1    None
b - Call Imp              Summ           ###.....     5%          2    ##.....


Dungeon Overview and Level Annotations

Branches:
Dungeon (2/15)

Altars:
Vehumet


Innate Abilities, Weirdness & Mutations

You are very small and have problems with some larger weapons.
You are too small for most types of armour.
You have supernaturally acute eyesight. (SInv)
You are a herbivore.
((You cover ground extremely quickly.))
You need consume almost no food.


Message History

You hit the kobold but do no damage. You closely miss the adder.
The adder is heavily wounded.
The kobold hits you but does no damage. The adder bites you but does no damage.
Unknown command.
You hit the adder.
The adder is severely wounded.
* * * LOW HITPOINT WARNING * * *
You feel sick. The adder bites you but does no damage.
The kobold hits you but does no damage.
Unknown command.
You hit the adder.
The adder is almost dead.
Your crimson imp misses the kobold.
The adder bites you but does no damage.
You hit the adder.
You kill the adder!
The kobold hits you but does no damage.
You hit the kobold.
You kill the kobold!
You die...

...........
..........
#.†.?.... #.#...# .
##...#.# ...
###...##.#....
#....S.h...).....
###.#.##5.h§.......
#.♣5h.##.#..##.....
#.#........## .....
#.#.......#. .....
#............ .....
.....?.............
...####........
#.g. #..?.## ....
..### _.


You could see a jackal, a hobgoblin and a friendly crimson imp.

Vanquished Creatures
  An adder (D:2)
  A dart slug (D:1)
  3 bats (D:1)
  A giant cockroach (D:1)
  A goblin (D:1)
  2 hobgoblins (D:1)
  A jackal (D:1)
  3 kobolds
  2 rats (D:1)
15 creatures vanquished.

Vanquished Creatures (collateral kills)
  An adder (D:2)
  A dart slug (D:1)
  A leopard gecko (D:1)
  2 hobgoblins (D:1)
  A jackal (D:1)
  2 kobolds (D:1)
8 creatures vanquished.

Grand Total: 23 creatures vanquished

Notes
Turn   | Place    | Note
-------+----------+-------------------------------------------
     0 | D:1      | AlphabetPasta the Spriggan Summoner began the quest for the Orb.
     0 | D:1      | Reached XP level 1. HP: 9/9 MP: 5/5
   343 | D:1      | Reached XP level 2. HP: 13/13 MP: 6/6
   350 | D:1      | Learned a level 2 spell: Call Imp
  1388 | D:2      | Found a radiant altar of Vehumet.
  1459 | D:2      | Reached skill level 1 in Short Blades
  1459 | D:2      | Reached XP level 3. HP: 17/17 MP: 5/8
  1486 | D:2      | HP: 1/25 [poisoned by an adder]
  1490 | D:2      | Succumbed to an adder's poison

Skill      XL: |  1  2 |
---------------+-------+-----
Spellcasting   | 3 |  3.1
Short Blades   | 1 |  1.2
Fighting       | |  0.4
Dodging        | |  3.2
Stealth        | |  3.0
Summonings     | |  3.7

Action                   || total
-------------------------++-------
Melee: Dagger            ||    76
 Cast: Summon Small Mamm ||    21
       Call Imp          ||     2
  Use: Scroll            ||     6
       Potion            ||     1
 Stab: Sleeping          ||     4
Armor: Robe              ||     2
       Skin              ||     6
Dodge: Dodged            ||    49
